Map: Doraelus Hills

Players

JohnMcClane - Winner!

  • Race: Protoss Protoss
  • League: Silver

Hindulaatti - Winner!

  • Race: Terran Terran

JackONeill - Winner!

  • Race: Zerg Zerg

lllllllllll

  • Race: Zerg Zerg
  • League: Diamond

Vince

  • Race: Zerg Zerg
  • League: Gold

fabs

  • Race: Terran Terran
  • League: Silver

VOD

Have the link to the VOD?

Description

Time

  • Played on: Feb. 2, 2016, 4:57 a.m.
  • Length: 7:44
Show
View Real Time Build Order
Export as new Build Order

JohnMcClane Protoss - Winner!

Build Orders: 1 Gate Expand 

Get SALT Encoding   

  12  0:01  Probe (Chrono Boost)  
  13  0:11  Probe (Chrono Boost)  
  14  0:19  Pylon  
  14  0:26  Probe (Chrono Boost)  
  15  0:39  Gateway  
  15  0:40  Probe (Chrono Boost)  
  16  0:50  Probe (Chrono Boost)  
  16  0:51  Assimilator  
  17  1:01  Probe (Chrono Boost)  
  18  1:13  Probe (Chrono Boost)  
  19  1:22  Nexus  
  19  1:28  Pylon  
  19  1:33  Probe (Chrono Boost)  
  20  1:42  Cybernetics Core  
  20  1:45  Probe (Chrono Boost)  
  21  1:55  Probe (Chrono Boost)  
  21  1:59  Assimilator  
  22  2:06  Probe (Chrono Boost)  
  23  2:13  Pylon  
  23  2:16  Probe (Chrono Boost)  
  23  2:19  Warp Gate (Chrono Boost)  
  24  2:27  Mothership Core (Chrono Boost)  
  26  2:38  Gateway  
  26  2:41  Adept  
  26  2:42  Probe (Chrono Boost)  
  29  2:45  Probe (Chrono Boost)  
  30  2:53  Probe (Chrono Boost)  
  30  2:56  Probe (Chrono Boost)  
  32  2:59  Gateway  
  32  3:11  Robotics Facility  
  32  3:16  Probe x2 (Chrono Boost)  
  34  3:43  Gateway  
  34  3:45  Pylon  
  32  3:59  Observer (Chrono Boost)  
  33  4:10  Assimilator  
  33  4:17  Robotics Bay  
  33  4:18  Pylon  
  33  4:21  Warp Prism (Chrono Boost)  
  33  4:23  Gateway  
  35  4:30  Pylon  
  35  4:47  Assimilator, Zealot x3  
  41  5:05  Disruptor (Chrono Boost)  
  44  5:18  Zealot  
  44  5:19  Pylon, Zealot x3  
  52  5:31  Pylon  
  55  5:43  Disruptor (Chrono Boost)  
  55  5:44  Stalker  
  55  5:45  Stalker x2, Zealot  
  63  5:59  Gateway  
  63  6:01  Pylon  
  63  6:11  Zealot x4  
  53  6:28  Pylon  
  53  6:32  Forge  
  49  6:40  Probe  
  49  6:41  Probe  
  49  6:43  Stalker x4  
  51  6:58  Stalker  
  51  7:06  Disruptor (Chrono Boost)  
  51  7:07  Stalker x4  
  59  7:10  Probe  
  59  7:11  Probe  
  59  7:13  Photon Cannon  
Show
View Real Time Build Order
Export as new Build Order

Hindulaatti Terran - Winner!

Build Orders:  

Get SALT Encoding   

  12  0:01  SCV  
  13  0:13  SCV  
  14  0:18  Supply Depot  
  14  0:25  SCV  
  15  0:39  SCV  
  16  0:44  Barracks  
  16  0:52  Refinery, SCV  
  17  1:04  SCV  
  18  1:16  SCV  
  19  1:28  SCV  
  20  1:37  Reaper  
  20  1:38  Supply Depot  
  20  1:39  Command Center  
  21  1:47  Orbital Command  
  21  2:14  Marine  
  22  2:15  Factory  
  22  2:16  SCV  
  23  2:28  SCV  
  24  2:38  Barracks Reactor  
  24  2:40  SCV  
  25  2:52  SCV  
  25  2:58  Orbital Command  
  26  2:59  Barracks  
  26  3:00  Barracks  
  26  3:03  Factory Tech Lab  
  26  3:07  SCV  
  26  3:08  Refinery  
  27  3:14  Marine  
  27  3:15  Marine  
  27  3:19  SCV  
  30  3:21  Starport  
  30  3:30  SCV  
  30  3:31  SCV  
  30  3:32  Marine x2  
  34  3:50  Marine x2  
  34  3:51  SCV x2  
  38  3:56  Supply Depot  
  38  3:57  Barracks Tech Lab  
  38  3:58  Barracks Reactor  
  38  3:59  Supply Depot  
  38  4:00  Starport Reactor  
  38  4:04  SCV x2  
  38  4:08  Marine x2  
  42  4:14  Siege Tank  
  44  4:22  SCV x2  
  46  4:32  Stimpack, Marine  
  46  4:33  Marine x2  
  46  4:37  Refinery  
  46  4:38  Refinery  
  49  4:50  Marine  
  50  4:54  SCV x2  
  50  4:56  Medivac  
  50  4:58  Marine x3  
  50  4:59  Marauder  
  59  5:07  SCV  
  59  5:08  Marine, SCV  
  62  5:21  Marine  
  62  5:26  Marine  
  62  5:39  Supply Depot  
  62  5:40  Supply Depot x2  
  62  5:43  Viking, Marine x3, SCV x2, Siege Tank  
  71  5:56  Marine x2  
  63  5:59  Medivac  
  63  6:01  Marauder, Marine x2  
  69  6:06  Supply Depot  
  69  6:09  Supply Depot  
  69  6:10  Supply Depot  
  69  6:13  Viking  
  69  6:18  Barracks x2  
  67  6:27  Marauder, Marine x4  
  70  6:44  Medivac, Viking  
  70  6:45  Marine x4  
  70  6:46  SCV x2  
  78  6:59  SCV  
  78  7:00  Marauder  
  81  7:03  Marine x4  
  85  7:12  Barracks Reactor x2  
Show
View Real Time Build Order
Export as new Build Order

JackONeill Zerg - Winner!

Build Orders: Hatch First, Zergling Baneling 

Get SALT Encoding   

  12  0:01  Drone  
  13  0:08  Drone  
  14  0:17  Overlord  
  14  0:23  Drone, Extractor  
  15  0:35  Drone x2  
  17  0:56  Drone  
  18  0:59  Extractor  
  18  1:01  Hatchery  
  16  1:10  Spawning Pool  
  15  1:14  Drone  
  16  1:22  Drone x2  
  18  1:30  Drone  
  19  1:39  Overlord  
  19  1:57  Queen  
  19  2:00  Metabolic Boost  
  21  2:05  Zergling x4  
  23  2:10  Zergling x2  
  23  2:15  Queen  
  24  2:21  Drone  
  27  2:33  Baneling Nest  
  26  2:39  Zergling x6  
  29  2:46  Overlord  
  28  2:57  Zergling x8  
  32  3:06  Zergling x6  
  35  3:18  Baneling  
  35  3:19  Baneling x3  
  35  3:21  Drone x4  
  39  3:30  Zergling x6  
  39  3:32  Drone  
  34  3:57  Zergling x10  
  34  3:58  Zergling x8  
  34  4:00  Baneling x6  
  43  4:07  Overlord  
  43  4:15  Baneling x2  
  36  4:43  Zergling x2  
  36  4:44  Zergling x12  
  36  4:45  Zergling x6  
  43  5:10  Zergling x10  
  48  5:34  Baneling x3  
  48  5:35  Zergling x2, Baneling  
  47  5:36  Zergling x8  
  47  5:39  Overlord x2  
  38  6:00  Drone x3  
  38  6:03  Lair  
  38  6:06  Extractor  
  37  6:13  Zergling x10  
  37  6:14  Zergling x2  
  43  6:19  Spore Crawler  
  43  6:22  Spore Crawler  
  43  6:23  Drone x2  
  43  6:24  Hatchery  
  42  6:30  Zergling x4  
  44  6:34  Extractor  
  44  6:35  Drone x2  
  44  6:36  Drone, Extractor  
  40  7:16  Overlord x3  
  38  7:26  Drone x3  
  40  7:30  Drone x5  
Show
View Real Time Build Order
Export as new Build Order

lllllllllll Zerg 

Build Orders: Hatch First 

Get SALT Encoding   

  12  0:01  Drone  
  13  0:12  Overlord  
  13  0:17  Drone  
  14  0:30  Drone x2  
  17  0:35  Drone  
  17  0:54  Hatchery  
  16  0:57  Drone  
  16  1:00  Extractor  
  16  1:11  Spawning Pool  
  15  1:19  Drone  
  16  1:26  Drone  
  16  1:27  Drone  
  18  1:44  Drone, Overlord  
  19  1:58  Queen  
  21  2:02  Metabolic Boost  
  21  2:06  Zergling x6  
  25  2:15  Zergling x2  
  25  2:18  Zergling x2  
  26  2:25  Drone  
  27  2:31  Zergling x2  
  28  2:40  Zergling x4  
  29  2:53  Zergling x2  
  30  3:02  Extractor  
  30  3:03  Zergling x6  
  32  3:07  Drone  
  33  3:16  Drone  
  34  3:26  Zergling x2  
  35  3:32  Zergling x2  
  35  3:33  Overlord x2  
  34  3:51  Zergling x4  
  27  3:59  Zergling x14  
  34  4:06  Drone, Roach Warren  
  34  4:07  Drone  
  32  4:31  Zergling x10  
  29  4:39  Queen  
  29  4:42  Zergling x8  
  35  4:52  Roach  
  37  5:03  Roach x4  
  45  5:11  Roach x3  
  50  5:27  Roach  
  51  5:30  Overlord  
  51  5:40  Roach  
  50  5:43  Overlord  
  42  5:52  Roach x5  
  48  6:06  Roach x4  
  56  6:18  Roach x2  
  56  6:25  Roach  
  52  6:43  Roach  
  52  6:44  Roach x3  
  60  7:07  Overlord  
Show
View Real Time Build Order
Export as new Build Order

Vince Zerg 

Build Orders: Hatch First, Muta Ling Bane 

Get SALT Encoding   

  12  0:01  Drone  
  13  0:12  Overlord  
  13  0:19  Drone  
  14  0:31  Drone x2  
  14  0:34  Drone  
  17  0:57  Hatchery  
  17  0:58  Drone  
  17  1:00  Drone  
  17  1:03  Extractor  
  17  1:10  Drone  
  18  1:21  Spawning Pool  
  17  1:27  Drone  
  18  1:32  Drone  
  19  1:41  Overlord  
  19  1:50  Drone  
  20  2:07  Metabolic Boost  
  20  2:09  Queen x2  
  20  2:11  Drone  
  20  2:14  Zergling x2  
  26  2:16  Drone  
  26  2:22  Drone  
  28  2:23  Drone  
  29  2:34  Drone x2  
  31  2:45  Extractor  
  30  2:53  Drone x3  
  33  3:02  Drone, Baneling Nest  
  33  3:03  Overlord  
  33  3:11  Lair  
  33  3:12  Drone  
  34  3:24  Hatchery  
  34  3:27  Drone x3  
  34  3:30  Drone  
  37  3:38  Drone x2  
  37  3:39  Extractor  
  37  3:41  Extractor  
  37  3:43  Overlord  
  37  3:53  Drone x2  
  37  3:54  Drone x2  
  41  4:01  Drone x2  
  43  4:06  Drone x4  
  47  4:18  Spire  
  47  4:19  Drone  
  47  4:23  Drone x2  
  49  4:27  Drone x2  
  51  4:33  Zergling x2  
  51  4:34  Baneling  
  51  4:35  Baneling  
  51  4:36  Overlord  
  52  4:44  Zergling x6  
  49  4:48  Drone x3  
  52  4:55  Baneling x2  
  52  5:02  Drone  
  52  5:03  Drone  
  52  5:07  Baneling x2  
  54  5:10  Baneling x3  
  52  5:22  Zergling x6  
  52  5:23  Zergling x2  
  56  5:29  Drone  
  56  5:30  Overlord  
  56  5:32  Mutalisk  
  56  5:33  Mutalisk x2  
  63  5:37  Zergling x4  
  63  5:40  Overlord x2  
  65  5:46  Baneling x3  
  65  5:47  Baneling x2  
  65  5:49  Centrifical Hooks  
  65  5:50  Mutalisk x2  
  65  5:56  Mutalisk  
  66  6:15  Mutalisk x2  
  66  6:32  Mutalisk  
  66  6:40  Mutalisk  
  66  6:43  Drone  
  66  6:44  Drone x6  
  75  6:47  Queen  
  75  6:48  Extractor  
  75  6:52  Extractor  
  62  7:01  Zergling x6  
  62  7:07  Mutalisk  
  62  7:08  Mutalisk  
  47  7:19  Drone  
  47  7:20  Drone x3  
Show
View Real Time Build Order
Export as new Build Order

fabs Terran 

Build Orders:  

Get SALT Encoding   

  12  0:02  SCV  
  13  0:14  SCV  
  14  0:19  Supply Depot  
  14  0:26  SCV  
  15  0:32  Refinery  
  15  0:43  Barracks  
  15  0:46  SCV  
  16  1:02  Barracks  
  16  1:05  SCV  
  17  1:22  SCV  
  18  1:26  Barracks  
  18  1:33  Marine  
  18  1:34  SCV  
  20  1:45  Supply Depot  
  20  1:46  SCV  
  21  1:50  Marine  
  21  1:51  Marine  
  23  2:05  Barracks  
  23  2:07  SCV  
  24  2:09  Marine  
  24  2:14  Marine  
  26  2:17  Marine  
  26  2:21  SCV  
  28  2:28  Marine  
  29  2:32  Marine  
  29  2:35  Marine  
  31  2:40  Supply Depot  
  31  3:02  Marine x4  
  31  3:03  Refinery  
  31  3:04  Supply Depot  
  35  3:14  SCV  
  35  3:19  Marine x2  
  36  3:22  Engineering Bay  
  38  3:32  Marine x2  
  40  3:37  Marine  
  28  3:58  Marine x3  
  28  4:00  Marine  
  32  4:06  Terran Infantry Weapons Level 1  
  32  4:14  Factory  
  32  4:16  Marine x2  
  34  4:17  Marine  
  34  4:18  Marine  
  27  4:33  Marine  
  27  4:34  Marine  
  27  4:35  Marine  
  27  4:36  Marine  
  26  4:47  Bunker  
  26  4:51  Marine  
  27  4:57  Marine  
  27  5:04  Hellion  
  25  5:21  Bunker  
  25  5:25  Hellion  
  26  5:28  Barracks  
  21  5:37  Marine  
  6  5:55  Marine  
Tags
 
Add a new tag
Caveats
  • Supply blocks, unpowered buildings, or Contaminate may cause inaccurate times.
  • Supply counts are checked every 10 seconds.